Cogmind - Beta 15 @@@ ROGUE MODE // 2025.09.13 @ 16:25:53 Player: beans Result: Destroyed by G-47 Trooper with Particle Gun Performance ------------- Evolutions (2) 1000 Regions Visited (6) 1200 Robots Destroyed (23) 115 Value Destroyed (579) 579 Prototype IDs (0) 0 Alien Tech Used (0) 0 Bonus (0) 0 TOTAL SCORE: 2894 Bonus ------- None Cogmind --------- Core Integrity 0/550 Matter 296/500 Energy 100/100 System Corruption 0% Temperature Cool (9) Movement Core (400) Ox7 Location -8/Materials Parts ------- > --- POWER (1) -------- (None) > --- PROPULSION (3) --- (None) > --- UTILITY (5) ------ Large Storage Unit High-capacity Matter Pod > --- WEAPON (2) ------- (None) > --- INVENTORY (15) --- Light Ion Engine High-capacity Matter Pod (0) Small Laser Pulse Rifle Assault Rifle Peak State ------------ > --- POWER ------------ (None) > --- PROPULSION ------- Light Treads Light Treads > --- UTILITY ---------- Large Storage Unit High-capacity Matter Pod High-capacity Matter Pod High-capacity Matter Pod > --- WEAPON ----------- Small Laser Assault Rifle > --- INVENTORY -------- Light Ion Engine Grenade Launcher [Rating: 8] Favorites ----------- Power None Propulsion Light Treads Treads Light Treads Utility High-capacity Matter Pod Storage High-capacity Matter Pod Weapon Grenade Launcher Energy Gun Small Laser Ballistic Gun Assault Rifle Launcher Grenade Launcher Build | -11 -10 -9 -9 -9 -8 -8 ------- Run | Yrd Mat Mat Min Exi Min Mat Slots Evolved 4 | . . 2 . . . 2 Power . | . . . . . . . Propulsion 1 | . . . . . . 1 Utility 3 | . . 2 . . . 1 Weapon . | . . . . . . . Parts Attached 10 | 4 1 4 . . . 1 Power . | . . . . . . . Engine . | . . . . . . . Core . | . . . . . . . Reactor . | . . . . . . . Propulsion 2 | 2 . . . . . . Treads 2 | 2 . . . . . . Leg . | . . . . . . . Wheel . | . . . . . . . Hover . | . . . . . . . Flight . | . . . . . . . Utility 4 | . 1 3 . . . . Device . | . . . . . . . Storage 4 | . 1 3 . . . . Processor . | . . . . . . . Hackware . | . . . . . . . Protection . | . . . . . . . Artifact . | . . . . . . . Weapon 4 | 2 . 1 . . . 1 Energy Gun 2 | 1 . . . . . 1 Energy Cannon . | . . . . . . . Ballistic Gun 1 | 1 . . . . . . Ballistic Cannon . | . . . . . . . Launcher 1 | . . 1 . . . . Special Weapon . | . . . . . . . Impact Weapon . | . . . . . . . Slashing Weapon . | . . . . . . . Piercing Weapon . | . . . . . . . Special Melee Weapon . | . . . . . . . Unidentified Prototypes . | . . . . . . . Parts Lost 4 | . . . . . . 4 Power . | . . . . . . . Propulsion 2 | . . . . . . 2 Utility 1 | . . . . . . 1 Weapon 1 | . . . . . . 1 Highest Loss Streak 4 | . . . . . . 4 To Critical Strikes . | . . . . . . . Average Backups 3 | . 1 2 3 3 4 5 Power . | . 1 1 1 1 1 1 Propulsion . | . . . . . . . Utility . | . . . 1 1 1 1 Weapon 1 | . . 1 1 1 2 3 Tool/Special . | . . . . . . . Unused Backups 1 | . . . . . . 1 Power 1 | . . . . . . 1 Propulsion . | . . . . . . . Utility . | . . . . . . . Weapon . | . . . . . . . Tool/Special . | . . . . . . . Average Slot Usage (%) 70 | . 59 73 77 77 72 51 Treads 22 | . 28 22 22 22 22 16 Storage 28 | . 2 29 33 33 33 27 Energy Gun 1 | . 14 2 . . . . Ballistic Gun 8 | . 14 11 11 11 6 . Launcher 9 | . . 8 11 11 11 7 Peak Build Rating 8 | 4 5 8 7 7 7 8 Average Rating 6 | 3 4 6 7 7 6 5 On Entrance 5 | . 4 5 7 7 7 6 Naked Turns . | . . . . . . . Heaviest Build 37 | 3 23 37 33 33 33 31 Greatest Support 40 | 40 40 40 40 40 40 40 Greatest Overweight (x) . | . . . . . . . Average Overweight (x) . | . . . . . . . Largest Inventory Capacity 15 | 5 15 15 15 15 15 15 Average Capacity 13 | 5 6 15 15 15 15 15 Most Carried 5 | 2 3 4 3 3 5 5 Average Carried 3 | . 1 2 3 3 4 4 Final Capacity 15 | 5 15 15 15 15 15 15 Final Carried 5 | 1 2 3 3 3 5 5 Class Distribution -------------------- 100% | Mutant Dominant Class ---------------- Mutant | -10/Materials Mutant | -9/Materials Mutant | -9/Mines Mutant | -9/Exiles Mutant | -8/Mines Mutant | -8/Materials Resources | -11 -10 -9 -9 -9 -8 -8 ----------- Run | Yrd Mat Mat Min Exi Min Mat Matter Collected 484 | 242 . 53 34 . 153 2 Remotely . | . . . . . . . Salvage Created 514 | . 34 106 102 . 201 71 Parts 46 | . 2 8 6 . 21 9 Haulers Intercepted . | . . . . . . . Recyclers Shooed . | . . . . . . . Parts Field Recycled . | . . . . . . . Retrieved Matter . | . . . . . . . Parts Self-Destructed . | . . . . . . . Prevented . | . . . . . . . Kills | -11 -10 -9 -9 -9 -8 -8 ------- Run | Yrd Mat Mat Min Exi Min Mat Combat Hostiles Destroyed 20 | . 1 2 3 . 9 5 Guns 2 | . 1 1 . . . . AOE 18 | . . 1 3 . 9 5 Classes Destroyed 8 | . 1 1 . . 3 3 Worker 1 | . . . . . . 1 Builder 1 | . . . . . . 1 Recycler 1 | . . . . . 1 . Swarmer 10 | . . . . . 6 4 Grunt 6 | . 1 . 3 . 2 . Duelist 1 | . . . . . 1 . Sentry 2 | . . 2 . . . . Specialist 1 | . . . . . . 1 Best Kill Streak 5 | . 1 2 3 . 4 5 Combat Bots Only 4 | . 1 2 3 . 3 4 Max Kills in Single Turn 3 | . 1 1 3 . 3 3 Gunslinging . | . . . . . . . Exploded 3 | . . 1 3 . 3 3 Melee . | . . . . . . . Uniques/NPCs Destroyed . | . . . . . . . Combat | -11 -10 -9 -9 -9 -8 -8 -------- Run | Yrd Mat Mat Min Exi Min Mat Hostile Shots Fired 127 | . 9 4 2 . 9 103 Missed 44 | . 5 1 2 . 1 35 Hits 83 | . 4 3 . . 8 68 Melee 2 | . . . . . 2 . Projectile 81 | . 4 3 . . 6 68 Critical Strikes 4 | . . . . . 1 3 Damage Taken 1324 | . 58 41 9 . 217 999 Core 609 | . . 14 . . 36 559 Absorbed by Shields . | . . . . . . . Core Remaining (%) 95 | 100 100 . . . 87 . Volleys Fired 29 | 4 7 4 4 . 6 4 Largest 2 | 2 2 2 2 . 2 1 Hottest 60 | 60 60 50 50 . 50 30 Shots Fired 48 | 8 13 5 8 . 10 4 Gun 33 | 8 13 4 4 . 4 . Cannon . | . . . . . . . Launcher 15 | . . 1 4 . 6 4 Special . | . . . . . . . Kinetic 23 | 4 7 4 4 . 4 . Thermal 10 | 4 6 . . . . . Explosive 15 | . . 1 4 . 6 4 Electromagnetic . | . . . . . . . Robot Hit Streak 8 | 2 4 8 2 . 3 . Robot Miss Streak 4 | 4 2 . 2 . 2 . Penetration Max . | . . . . . . . Secondary Targets . | . . . . . . . Shots Hit Robots 23 | 3 9 5 2 . 4 . Core Hits 36 | . 2 4 6 . 15 9 Critical Kills . | . . . . . . . Critical Parts Destroyed . | . . . . . . . Critical Strikes . | . . . . . . . Melee Attacks . | . . . . . . . Impact . | . . . . . . . Slashing . | . . . . . . . Piercing . | . . . . . . . Sneak Attacks . | . . . . . . . Combat Hostiles . | . . . . . . . Follow-up Attacks . | . . . . . . . Damage Inflicted 1227 | 37 115 71 109 . 459 436 Guns 239 | 37 115 49 13 . 25 . Cannons . | . . . . . . . Explosions 986 | . . 22 96 . 434 434 Melee . | . . . . . . . Ramming 2 | . . . . . . 2 Kinetic 185 | 25 73 49 13 . 25 . Thermal 137 | 12 42 . . . . 83 Explosive 903 | . . 22 96 . 434 351 Electromagnetic . | . . . . . . . Impact . | . . . . . . . Slashing . | . . . . . . . Piercing . | . . . . . . . Highest Corruption . | . . . . . . . Average Corruption . | . . . . . . . Corruption Purged . | . . . . . . . Corruption Blocked . | . . . . . . . Overload Shots . | . . . . . . . Overflow Damage 33 | . . . . . . 33 Projectiles . | . . . . . . . Explosions 33 | . . . . . . 33 Melee . | . . . . . . . Knockbacks . | . . . . . . . Impact . | . . . . . . . Kinetic . | . . . . . . . Secondary . | . . . . . . . Self-Inflicted Damage 80 | . . . 9 . 71 . Shots 4 | . . . 1 . 3 . Rammed 3 | . . . . . . 3 Targets Rammed 3 | . . . . . . 3 Kicked . | . . . . . . . Crushed . | . . . . . . . Highest Temperature 14 | . 1 . . . . 14 Average Temperature 5 | . 1 . . . . 6 Received Heat Transfer 429 | . 33 9 . . 36 351 Siege Activations . | . . . . . . . Martial Activations . | . . . . . . . Shielding Activations . | . . . . . . . Robots Disrupted . | . . . . . . . Combat Hostiles . | . . . . . . . Robots Corrupted . | . . . . . . . Combat Hostiles . | . . . . . . . Parts Fried . | . . . . . . . Impact Corruptions . | . . . . . . . Robots Melted . | . . . . . . . Combat Hostiles . | . . . . . . . Parts Melted . | . . . . . . . Heat Transferred 175 | 25 100 . . . . 50 Parts Sabotaged . | . . . . . . . Parts Stolen . | . . . . . . . Parts Stripped . | . . . . . . . Power Chain Reactions . | . . . . . . . Alert | -11 -10 -9 -9 -9 -8 -8 ------- Run | Yrd Mat Mat Min Exi Min Mat Maximum Alert Level . | . . . . . . . Low Security (%) 100 | 100 100 100 100 . 100 100 Level 1 . | . . . . . . . Level 2 . | . . . . . . . Level 3 . | . . . . . . . Level 4 . | . . . . . . . Level 5 . | . . . . . . . High Security . | . . . . . . . Max Security . | . . . . . . . Peak Influence 190 | . 25 56 75 . 86 190 Initial 26 | . . 1 17 . . 26 Average 30 | . 5 6 25 . 31 112 Influence Increases 656 | . 41 66 82 . 253 214 Destroy 0b10 Robot/C 400 | . 20 40 60 . 180 100 Destroy 0b10 Robot/NC 15 | . . . . . 5 10 Destroy Leader 80 | . . 20 10 . 30 20 Successful Hack 6 | . 6 . . . . . Disable Machine 45 | . . . . . . 45 Destroy Structure 95 | . . 6 12 . 38 39 Lose Combat Pursuer 15 | . 15 . . . . . Influence Decreases 526 | . 36 25 106 22 185 152 Entered New Map 97 | . . 4 29 22 . 42 Time Decay 389 | . 36 21 77 . 185 70 Lost Part 40 | . . . . . . 40 Squads Dispatched 4 | . . . . . . 4 Investigation . | . . . . . . . Extermination . | . . . . . . . Reinforcement 2 | . . . . . . 2 Assault . | . . . . . . . Garrison 2 | . . . . . . 2 Intercept . | . . . . . . . Searches Triggered . | . . . . . . . Construction Impeded 1 | . . . . . . 1 Haulers Reinforced . | . . . . . . . Active Scanning Responses . | . . . . . . . Cargo Convoy Interrupts . | . . . . . . . Stealth | -11 -10 -9 -9 -9 -8 -8 --------- Run | Yrd Mat Mat Min Exi Min Mat Distress Signals 3 | . 2 . 1 . . . Communications Jammed . | . . . . . . . Distress Signals . | . . . . . . . Times Spotted 30 | . 5 2 3 . 7 13 Peak Tracking Total 8 | . 3 2 3 . 3 8 Tactical Retreats 1 | . 1 . . . . . Traps | -11 -10 -9 -9 -9 -8 -8 ------- Run | Yrd Mat Mat Min Exi Min Mat Traps Triggered . | . . . . . . . Indirectly . | . . . . . . . Trap Hack Attempts . | . . . . . . . Triggered . | . . . . . . . Disarmed . | . . . . . . . Reprogrammed . | . . . . . . . Reused . | . . . . . . . Traps Extracted . | . . . . . . . Installed . | . . . . . . . Triggered . | . . . . . . . Machines | -11 -10 -9 -9 -9 -8 -8 ---------- Run | Yrd Mat Mat Min Exi Min Mat Machines Disabled 3 | . . . . . . 3 Max in Single Turn 2 | . . . . . . 2 Machines Repaired . | . . . . . . . Machines Dismantled . | . . . . . . . Machines Sabotaged . | . . . . . . . Overloaded Fab Kills . | . . . . . . . Hacking | -11 -10 -9 -9 -9 -8 -8 --------- Run | Yrd Mat Mat Min Exi Min Mat Machines Accessed 5 | . 1 1 . 1 1 1 Terminals 2 | . 1 . . . 1 . Fabricators . | . . . . . . . Repair Stations . | . . . . . . . Recycling Units . | . . . . . . . Scanalyzers 1 | . . 1 . . . . Garrison Access 1 | . . . . . . 1 Total Hacks 32 | . 2 3 . 23 2 2 Successful 29 | . 1 3 . 23 1 1 Failed 3 | . 1 . . . 1 1 Catastrophic 1 | . 1 . . . . . Database Lockouts . | . . . . . . . Manual 1 | . 1 . . . . . Terminals 4 | . 2 . . . 2 . Fabricators . | . . . . . . . Repair Stations . | . . . . . . . Recycling Units . | . . . . . . . Scanalyzers 3 | . . 3 . . . . Garrison Access 2 | . . . . . . 2 Terminal Hacks 25 | . 1 . . 23 1 . Record 23 | . . . . 23 . . Dispatch Records 1 | . . . . . 1 . Hauler Manifests 1 | . 1 . . . . . Fabricator Hacks . | . . . . . . . Repair Station Hacks . | . . . . . . . Recycling Unit Hacks . | . . . . . . . Scanalyzer 3 | . . 3 . . . . Insert Component 1 | . . 1 . . . . Analyze 2 | . . 2 . . . . Garrison Access Hacks 1 | . . . . . . 1 Unlock Access 1 | . . . . . . 1 Unauthorized Hacks . | . . . . . . . Terminals . | . . . . . . . Fabricators . | . . . . . . . Repair Stations . | . . . . . . . Recycling Units . | . . . . . . . Scanalyzers . | . . . . . . . Garrison Access . | . . . . . . . Data Cores Recovered . | . . . . . . . Used . | . . . . . . . Hacking Detections 3 | . 1 1 . . 1 . Full Trace Events . | . . . . . . . Feedback Events . | . . . . . . . Feedback Blocked . | . . . . . . . Robot Schematics Acquired . | . . . . . . . Robots Built . | . . . . . . . Authchips . | . . . . . . . Time . | . . . . . . . Total Robot Build Rating . | . . . . . . . Part Schematics Acquired 1 | . . 1 . . . . Parts Built . | . . . . . . . Authchips . | . . . . . . . Time . | . . . . . . . Total Part Build Rating . | . . . . . . . Parts Repaired . | . . . . . . . Time . | . . . . . . . Parts Recycled . | . . . . . . . Recycled Matter . | . . . . . . . Retrieved Matter . | . . . . . . . Retrieved Components . | . . . . . . . Parts Scanalyzed 1 | . . 1 . . . . Part Schematics Acquired 1 | . . 1 . . . . Parts Damaged . | . . . . . . . Bothacking | -11 -10 -9 -9 -9 -8 -8 ------------ Run | Yrd Mat Mat Min Exi Min Mat Used RIF Installer . | . . . . . . . Robots Hacked . | . . . . . . . Non-combat . | . . . . . . . Combat . | . . . . . . . Robot Hacks Applied . | . . . . . . . Relay Couplers Released . | . . . . . . . Fabnet Peak Effective % . | . . . . . . . Robots Rewired . | . . . . . . . Allies Hacked . | . . . . . . . Hacks Repelled . | . . . . . . . Allies | -11 -10 -9 -9 -9 -8 -8 -------- Run | Yrd Mat Mat Min Exi Min Mat Total Allies . | . . . . . . . Largest Group . | . . . . . . . Highest-Rated Group . | . . . . . . . Highest-Rated Ally . | . . . . . . . Total Orders . | . . . . . . . Ally Attacks . | . . . . . . . Total Damage . | . . . . . . . Kills . | . . . . . . . Allies Corrupted . | . . . . . . . Allies Melted . | . . . . . . . Intel | -11 -10 -9 -9 -9 -8 -8 ------- Run | Yrd Mat Mat Min Exi Min Mat Active Infowar (turns) . | . . . . . . . Robot Analysis Total . | . . . . . . . Derelict Logs Recovered . | . . . . . . . Drone Launches . | . . . . . . . Drone Recoveries . | . . . . . . . Exploration | -11 -10 -9 -9 -9 -8 -8 ------------- Run | Yrd Mat Mat Min Exi Min Mat Turns Passed 1607 | 92 169 144 247 237 577 141 Spaces Moved 939 | 47 92 80 146 149 350 75 Core 3 | 3 . . . . . . Treads 936 | 44 92 80 146 149 350 75 Legs . | . . . . . . . Wheels . | . . . . . . . Hover . | . . . . . . . Flight . | . . . . . . . Fastest Speed 50 | 50 160 160 160 160 160 160 Average Speed 159 | 152 160 160 160 160 160 160 Slowest Speed 160 | 160 160 160 160 160 160 160 Overloaded Moves . | . . . . . . . Propulsion Burnouts . | . . . . . . . Robots Hopped . | . . . . . . . Potential Cave-ins . | . . . . . . . Cave-ins Triggered . | . . . . . . . Exploration Rate (%) 30 | 5 22 9 39 51 72 13 Regions Visited 6 Branch Regions 3 Pre-discovered Areas 1 | . . . . 1 . . Known Exits Taken . | . . . . . . . Unknown Exits Taken 6 | 1 1 1 1 1 1 . Scrap Searched 1 | . . . . . 1 . Spaces Dug 13 | . . . 6 . 7 . Terrain Destroyed 109 | . . 6 17 . 46 40 Melee . | . . . . . . . Projectile . | . . . . . . . AOE 109 | . . 6 17 . 46 40 Terrain Rammed . | . . . . . . . Walls Destroyed . | . . . . . . . Machines Disabled . | . . . . . . . Actions | -11 -10 -9 -9 -9 -8 -8 --------- Run | Yrd Mat Mat Min Exi Min Mat Total 992 | 59 101 91 152 148 357 84 Wait 3 | . . . 3 . . . Move 933 | 46 91 79 145 148 349 75 Hop . | . . . . . . . Pick Up 12 | 5 2 3 . . 2 . Fast Attach . | . . . . . . . Attach 9 | 4 1 3 . . . 1 Detach 2 | . . 1 . . . 1 Swap 1 | . . 1 . . . . Drop . | . . . . . . . Fire 29 | 4 7 4 4 . 6 4 Melee . | . . . . . . . Ram 2 | . . . . . . 2 Kick . | . . . . . . . Crush 1 | . . . . . . 1 Escape Stasis . | . . . . . . . Rewire . | . . . . . . . Trap . | . . . . . . . Miscellaneous . | . . . . . . . Route ------- -11/Scrapyard -10/Materials -9/Materials -9/Mines (discovered 2 exits: *Mat / *Exi) -9/Exiles -8/Mines -8/Materials (discovered 1 exit: Gar) History --------- Turn | Location | Event 17 | -11/Scrapyard | Discovered new exit (range 16) 93 | -11/Scrapyard | Entered Materials 228 | -10/Materials | Discovered new exit (range 16) 262 | -10/Materials | Entered another Materials area 262 | -9/Materials | Evolved 2 slots: Utility x2 320 | -9/Materials | Build established: Mutant 371 | -9/Materials | Discovered new exit (range 15) 406 | -9/Materials | Entered Mines 469 | -9/Mines | Discovered new exit (range 5) 475 | -9/Mines | Assembled infested the area 581 | -9/Mines | Met 8R-AWN 647 | -9/Mines | Discovered new exit (range 5) 653 | -9/Mines | Entered Exiles 697 | -9/Exiles | Welcomed by 8R-AWN 719 | -9/Exiles | Met EX-HEX 769 | -9/Exiles | Met EX-BIN 796 | -9/Exiles | Met EX-DEC 802 | -9/Exiles | Learned location of Zion (-6) 869 | -9/Exiles | Discovered new exit (range 15) 890 | -9/Exiles | Entered Mines 1448 | -8/Mines | Discovered new exit (range 5) 1467 | -8/Mines | Entered Materials 1467 | -8/Materials | Evolved 2 slots: Propulsion x1, Utility x1 1547 | -8/Materials | Identified exit to Garrison 1603 | -8/Materials | Core integrity fell below 50% 1607 | -8/Materials | Core integrity fell below 20% 1608 | -8/Materials | Destroyed by G-47 Trooper with Particle Gun Last Messages --------------- U-05 Engineer lays Concrete. R-06 Scavenger collects Terrain Scanner. U-05 Engineer destroyed. U-05 Engineer lays Concrete. Slammed into X-57 Shotgunner. Critical hit (Burn: +37). Slug penetrates Wall. Acquired 2 matter. U-05 Engineer lays Concrete. Lgt. Treads destroyed. U-05 Engineer lays Concrete. Lgt. Treads destroyed. Slammed into Y-45 Defender. U-05 Engineer lays Concrete. Y-45 Defender emerges from the garrison. U-05 Engineer builds a Wall. Hcp. Matter Pod destroyed. Critical hit (Burn: +37). Slammed into Y-45 Defender. U-05 Engineer builds a Wall. Map ----- +----------------------------------------------------+ | ?????????????????????????????????# #??? | | ?????????????????????????????#+### ####??? | | ?????????????????????????###?# ! #?????? | | ?????????????????????????? # +?????? | | ???????????????????????????? + """ #?????? | | ?????????????????????????????# """ #?????? | | ????????????????????????????## """ #?????? | | ???????????????????????? ??# #?????? | | ?????????????????????????" # #?????? | | ?????????????????????????? + """ #?????? | | ????????????????????????????# """ #?????? | | ????????????????????????????# """ #?????? | | ????????????????????????????### +?????? | | ????????????????#???########### [ #?????? | | ????????????????# ??# + #?????? | | ??????????????### ### # #?????? | | ??????????????# ]# # #?????? | | ??????????????# # = # +?????? | | ??????????????# T + | = # ##+#?????? | | ??????????????# ; # # ???? | | ??????????????# #g # #""" "???? | | ??????????????## ## H # #""" T#??? | | ???????????????# ?##; #### "##""" ?#??? | | ???????????????# ??## ###### "#?""" ???? | | ???????????????# ??##gxg* # ##???????#??? | | ???????????????# ??##ug@""" # #???????????? | | ???????????????# ??## %YYG" /t ?????????? | | ???????????????# ????# = """ # ##??????????? | | ??????????????? ???# # #???????????? | | ??????????????? ???########## #???????????? | | ?????????????? ????????????? #???????????? | | ?????????????? ????????????? ????????????? | | ??????????????? ?????????????? ????????????? | | ????????????????????????????????????????????? | | ????????????????????????????????????????????? | | ????????????????????????????????????????????? | | ????????????????????????????????????????????? | | ????????????????????????????????????????????? | | ????????????????????????????????????????????? | | ????????????????????????????????????????????? | | ????????????????????????????????????????????? | | ????????????????????????????????????????????? | | ????????????????????????????????????????????? | | ????????????????????????????????????????????? | | ????????????????????????????????????????????? | | ????????????????????????????????????????????? | | ????????????????????????????????????????????? | | ????????????????????????????????????????????? | | ????????????????????????????????????????????? | | ????????????????????????????????????????????? | +----------------------------------------------------+ Best States ------------- Heat Dissipation 31 Energy Generation 5 Energy Capacity 100 Matter Stores 313 Matter Capacity 900 Sight Range 16 Terrain Scan Density 10 Evasion (%) 40 Recoil Reduction 2 Item Schematics ----------------- Hcp. Matter Pod | -9/Materials | Scanalyzed Robot Schematics ------------------ None Fabricated ------------ Nothing Repaired ---------- Nothing Alien Tech Used ----------------- None Achievements -------------- None Challenges ------------ None Game ------ Seed NeutrinoRocketAutohacker Manual? 0 Play Time 00:10:47 Cumulative 136.4 hours Start 2025.09.13 @ 15:35:43 End 2025.09.13 @ 16:25:53 Sessions 1 Manual Loads 0 Difficulty Rogue Special Mode None Game No. 464 Rogue 464 Adventurer 0 Explorer 0 Win Type - Total 0 Types 0/0/0/0/0/0/0/0/0/0 Lore% 51 Gallery% 49 Achievement% 36 Wizard Run 0 Options --------- Layout 2 ASCII 0 Keyboard 0 Movement Mouse Keybinds 0 Fullscreen 1 Font 24/Smallcaps Map View 50x44 Zoom Use 0% Tactical HUD 0 Map Filters NONE Filters NONE Steam 1 RUN: dc1089cb-e0ad-4acf-8ef1-100c3f0dde56